 Dungeon Crawl Stone Soup version 0.29.1-15-g9cfb28693d (webtiles) character file.

Game seed: 9466981767709986045

1 croobank the Sneak (level 1, -2/16 HPs)
             Began as an Octopode Delver on Feb 23, 2023.
             Slain by a gnoll
             ... wielding a +0 flail
             ... led by a gnoll bouda
              (5 damage)
             ... on level 3 of the Dungeon.
             The game lasted 00:00:47 (155 turns).

croobank the Sneak (Octopode Delver)                 Turns: 155, Time: 00:00:47

Health: -2/16      AC:  1    Str: 11    XL:     1   Next: 20%
Magic:  1/1        EV: 13    Int: 12    God:
Gold:   34         SH:  0    Dex: 13    Spells: 0/0 levels left

rFire   . . .      SeeInvis .   a - +0 hand axe
rCold   . . .      Faith    .   (no shield)
rNeg    . . .      Spirit   .   (helmet restricted)
rPois   .          Reflect  .   g - amulet of the acrobat
rElec   .          Harm     .   (no ring)
rCorr   .          Rampage  .   (no ring)
Will    .....                   (no ring)
Stlth   ++++......              (no ring)
HPRegen 0.05/turn               (no ring)
MPRegen 0.07/turn               (no ring)
                                (no ring)
                                (no ring)

@: weakened
A: almost no armour, amphibious, 8 rings, camouflage 1, gelatinous body 1,
(nimble swimmer 1), tentacles
a: no special abilities


You were on level 3 of the Dungeon.
You visited 1 branch of the dungeon, and saw 4 of its levels.

You collected 34 gold pieces.

Inventory:

Hand Weapons
 a - a +0 hand axe (weapon)
Jewellery
 g - an amulet of the acrobat (around mantle)
Wands
 f - a wand of digging (3)
Scrolls
 b - a scroll of fog
 c - a scroll of magic mapping
 d - a scroll of fear
Potions
 e - a potion of haste


   Skills:
 + Level 3.0 Fighting
 + Level 2.0 Axes
 + Level 2.0 Dodging
 + Level 6.6 Stealth


You couldn't memorise any spells.
You didn't know any spells.
Your spell library was empty.

Dungeon Overview and Level Annotations

Branches:
Dungeon (6/15)
 Temple: D:4-7

Altars:
Ashenzari


Innate Abilities, Weirdness & Mutations

You cannot wear most types of armour.
You are amphibious.
You can wear up to eight rings at the same time.
Your skin changes colour to match your surroundings (Stealth+).
Your rubbery body absorbs attacks. (AC +1, EV +1)
((You are camouflaged when in or above water. (Stealth+)))
You have tentacles for arms and can constrict up to eight enemies at once.


Message History

A dart slug comes into view.
Found 7 gold pieces.
Found a stone staircase leading up.
The orc shouts!
The gnoll bouda shouts!
You hear a shout! x2
Found 10 gold pieces.
The orc completely misses you.
The gnoll bouda gazes fiercely through you!
You feel your attacks grow feeble.
Found 8 gold pieces.
The orc hits you from afar with a +0 trident.
The gnoll bouda barks out a call to the hunt!
The gnolls pick up the pace!
The dart slug launches a dart at you. The slug dart misses you.
The orc misses you.
Your attacks no longer feel as feeble.
The gnoll bouda gazes fiercely through you!
You feel your attacks grow feeble. The gnoll attacks as you move away!
The gnoll completely misses you.
The gnoll bouda gazes fiercely through you!
You feel as though you will be weak longer.
There is a stone staircase leading up here.
The orc misses you.
You climb upwards.
Found a broken altar of Ashenzari.
There is a stone staircase leading down here.
You hit the gnoll. You grab the gnoll.
The gnoll is lightly wounded.
You constrict the gnoll. The gnoll misses you.
You hit the gnoll.
The gnoll is severely wounded.
You constrict the gnoll, but do no damage.
The gnoll completely misses you. The gnoll hits you with a +0 flail!
Ouch! That really hurt!
* * * LOW HITPOINT WARNING * * *
Okay, then.
Okay, then.
You hit the gnoll but do no damage.
You squeeze the gnoll, but do no damage.
The gnoll is severely wounded.
You constrict the gnoll. The gnoll hits you with a +0 flail.
You die...

#####
#.@.#
#.g...#
###....#
##....#
.#.....#
.#.._..#
.#.....#
..##⌠.⌠##


You could see a gnoll (swift).

Vanquished Creatures
  A goblin (D:4)
1 creature vanquished.

Notes
Turn   | Place    | Note
-------+----------+-------------------------------------------
     0 | D:5      | croobank the Octopode Delver began the quest for the Orb.
     0 | D:5      | Reached XP level 1. HP: 16/16 MP: 1/1
   130 | D:4      | Noticed a gnoll bouda
   152 | D:3      | Found a broken altar of Ashenzari.
   155 | D:3      | Slain by a gnoll

Illustrated notes

Levels and vault maps discovered:
D:3:      wander_river, layout_loops_corners, nicolae_overflow_ecumenical_swirl,
          nicolae_uskayaw_dance_hall, basic_ecumenical_altar, uniq_jessica
D:4:      layout_basic, chequers_serial_rivers_large_a,
          hangedman_abyss_or_decor_slice, uniq_eustachio
D:5:      layout_basic, minmay_manual_mail, uniq_prince_ribbit1
D:6:      layout_loops_ring, minitemple, lightli_sewer_entry_pipes,
          serial_shops, nicolae_shop_trees, minmay_misc_feat_five

Action                   || total
-------------------------++-------
Melee: Hand axe          ||     4
       Constrict         ||     1
       Tentacles         ||     1
 Stab: Sleeping          ||     1
Dodge: Dodged            ||     7
